 Dungeon Crawl Stone Soup version 0.20-a0-613-g92415a4 (webtiles) character file.

1947 kidcy the Cudgeler (level 8, -2/64 HPs)
             Began as a Demonspawn Monk on Feb 8, 2017.
             Slain by a wraith (10 damage)
             ... in an ossuary.
             The game lasted 00:22:04 (9305 turns).

kidcy the Cudgeler (Demonspawn Monk)                Turns: 9305, Time: 00:22:04

Health: -2/64      AC: 11    Str: 13    XL:     8   Next: 98%
Magic:  0/8        EV: 11    Int: 12    God:
Gold:   205        SH:  5    Dex: 16    Spells: 5/7 levels left

rFire    + . .     SeeInvis +   D - +0 mace of Defiance {freeze, Fragile rElec rN++ MR+}
rCold    + + .     Gourm    .   d - +2 ring mail {rN+}
rNeg     + + +     Faith    .   u - +0 buckler of Charity {+Fly SInv}
rPois    .         Spirit   +   (helmet restricted)
rElec    +         Reflect  .   z - scarf {rC+ rF+}
rCorr    .         Harm     .   (no gloves)
MR       +....                  G - +0 pair of boots
Stlth    +.........             m - amulet of guardian spirit
Regen    0.2/turn               (no ring)
                                C - ring of protection from cold

@: slowed, very slow
A: horns 2, slimy green scales 1, demonic guardian 1, powered by pain 2
a: Evoke Flight


You were in an ossuary.
You were not hungry.

You visited 1 branch of the dungeon, and saw 6 of its levels.
You also visited: Ossuary.

You collected 345 gold pieces.
You spent 140 gold pieces at shops.

Inventory:

Hand Weapons
 p - a -1 morningstar
 D - the +0 mace of Defiance (weapon) {freeze, Fragile rElec rN++ MR+}
   (You took it off a crimson imp on level 6 of the Dungeon)

   It has been specially enchanted to freeze those struck by it, causing extra
   injury to most foes and up to half again as much damage against particularly
   susceptible opponents.
   It can also slow down cold-blooded creatures.
   It insulates you from electricity.
   It greatly protects you from negative energy.
   It affects your resistance to hostile enchantments.
   It will be destroyed if unequipped.
Armour
 d - a +2 ring mail of positive energy (worn)
 u - the +0 buckler of Charity (worn) {+Fly SInv}
   (You found it on level 4 of the Dungeon)

   It lets you see invisible.
   It lets you fly.
 z - a scarf of resistance (worn)
 G - a +0 pair of boots (worn)
Jewellery
 m - an amulet of guardian spirit (around neck)
 C - a ring of protection from cold (left hand)
Wands
 v - a wand of lightning (3/15)
 B - a wand of clouds (4/9)
 H - a wand of flame (22/48)
 I - a wand of iceblast (10/15)
 K - a wand of random effects (32/48)
 L - a wand of polymorph (9/24)
Scrolls
 e - 2 scrolls of amnesia
 k - 2 scrolls of noise
 l - a scroll of blinking
 q - 3 scrolls of remove curse
 t - a scroll of teleportation
 x - a scroll of fear
 E - 2 scrolls of enchant armour
 J - a scroll of brand weapon {unknown}
Potions
 a - a potion of cancellation {unknown}
 b - a potion of degeneration {unknown}
 f - 5 potions of curing
 g - 2 potions of brilliance {unknown}
 h - a potion of magic {unknown}
 j - a potion of cure mutation {unknown}
 r - 4 potions of ambrosia {unknown}
 s - 3 potions of flight {unknown}
 w - a potion of agility {unknown}
 A - a potion of resistance {unknown}
 F - 3 potions of heal wounds {unknown}
 M - a potion of berserk rage
Books
 o - a book of Cantrips

   Spells                             Type                      Level
   a - Confusing Touch                Hexes                        1
   b - Animate Skeleton               Necromancy                   1
   c - Summon Small Mammal            Summoning                    1
   d - Apportation                    Translocation                1
 y - a book of Misfortune

   Spells                             Type                      Level
   a - Confusing Touch                Hexes                        1
   b - Confuse                        Hexes                        3
   c - Gell's Gravitas                Hexes/Translocation          3
   d - Petrify                        Transmutation/Earth          4
   e - Metabolic Englaciation         Hexes/Ice                    5
   f - Yara's Violent Unravelling     Hexes/Transmutation          5
Comestibles
 c - 3 bread rations
 i - 4 meat rations
 n - 2 fruits


   Skills:
 + Level 6.2 Fighting
 * Level 7.7 Maces & Flails
 + Level 4.7 Armour
 - Level 2.6 Dodging
 - Level 1.7 Stealth
 + Level 3.1 Shields


You had 5 spell levels left.
You knew the following spells:

 Your Spells              Type           Power        Failure   Level  Hunger
a - Animate Skeleton      Necr           N/A          77%         1    ##.....
b - Apportation           Tloc           #.....       77%         1    ##.....


Dungeon Overview and Level Annotations

Branches:
Dungeon (6/15)
 Temple: D:4-7

Altars:

Shops:
D:6 *


Innate Abilities, Weirdness & Mutations

You have a pair of horns on your head.
You are partially covered in slimy green scales. (AC +2)
A weak demonic guardian rushes to your aid.
You sometimes gain power by taking damage.


Message History

The wraith is heavily damaged.
You block the wraith's attack. The wraith completely misses you.
You closely miss the wraith. You headbutt the wraith.
The wraith is severely damaged.
The wraith barely misses you.
You sock the wraith! You freeze the wraith. Your headbutt misses the wraith.
The wraith is almost destroyed.
The wraith hits you!
* * * LOW HITPOINT WARNING * * *
The wraith hits you but does no damage.
You hit the wraith but do no damage.
The wraith is almost destroyed.
The wraith hits you!
* * * LOW HITPOINT WARNING * * *
The wraith drains your vigour!
You feel as though you will be slow longer.
Your shadow imp completely misses the wraith.
Your shadow imp hits the wraith but does no damage.
The wraith hits you!
You die...

#.#)#..#z#..#.#.# ######## ###
#.###..###..###.# ##.....# #W#
#...............#
##.8.8.#####▓###.###.......###.#
.'.......'.....'.# #.......#z#.#
##.8.8.#####▓###.###.......###.#
##.....# #z# #...............#
######## ### #.###..###..###.#
#@#.#..#z#..#.#.#
#.W##..###..##'.#
#..5............#
#################


You could see a wraith and a friendly shadow imp.

Vanquished Creatures
  A wraith (Ossuary)
  4 phantoms
  2 ogres
  A bullfrog (D:6)
  2 scorpions
  2 wights (Ossuary)
  A vampire bat (D:5)
  2 crimson imps
  A jelly (D:5)
  A centaur skeleton (D:4)
  5 orc priests
  3 hounds
  An iguana (D:4)
  4 orc wizards (D:4)
  2 worker ants (D:6)
  10 adders
  2 adder zombies
  3 dart slugs
  3 fire bats (D:5)
  A leopard gecko (D:2)
  17 orcs
  2 spectral bats (D:5)
  19 bats
  3 bat skeletons (D:5)
  A bat zombie (D:5)
  A giant cockroach (D:1)
  5 goblins
  9 hobgoblins
  4 jackals (D:3)
  10 kobolds
  A quokka (D:6)
  2 ball pythons
  A ball python skeleton (Ossuary)
  A bat simulacrum (D:5)
  9 frilled lizards
  2 hobgoblin skeletons (Ossuary)
  A hobgoblin zombie (Ossuary)
  2 kobold zombies (Ossuary)
  3 orc zombies (Ossuary)
  5 rats
149 creatures vanquished.

Vanquished Creatures (collateral kills)
  Grinder (D:3)
  A bullfrog (D:5)
  An orc priest (D:4)
  An orc wizard (D:3)
  A worker ant (D:6)
  A leopard gecko (D:6)
  5 orcs
  A bat (D:3)
12 creatures vanquished.

Vanquished Creatures (others)
  An ooze (D:1)
1 creature vanquished.

Grand Total: 162 creatures vanquished

Notes
Turn   | Place    | Note
-------+----------+-------------------------------------------
     0 | D:1      | kidcy the Demonspawn Monk began the quest for the Orb.
     0 | D:1      | Reached XP level 1. HP: 18/18 MP: 1/1
   610 | D:1      | Reached skill level 3 in Maces & Flails
   610 | D:1      | Gained mutation: A weak demonic guardian rushes to your aid. [demonic ancestry]
   610 | D:1      | Reached XP level 2. HP: 22/24 MP: 2/2
  2096 | D:2      | Reached skill level 1 in Armour
  2096 | D:2      | Gained mutation: You have a pair of small horns on your head. [demonic ancestry]
  2096 | D:2      | Reached XP level 3. HP: 18/29 MP: 3/3
  3395 | D:2      | Gained mutation: You sometimes gain a little power by taking damage. [demonic ancestry]
  3395 | D:2      | Reached XP level 4. HP: 35/37 MP: 4/4
  3862 | D:3      | Reached skill level 4 in Maces & Flails
  4102 | D:3      | Gained mutation: You are partially covered in slimy green scales. (AC +2) [demonic ancestry]
  4102 | D:3      | Reached XP level 5. HP: 23/42 MP: 5/5
  4370 | D:3      | Learned a level 1 spell: Animate Skeleton
  4372 | D:3      | Learned a level 1 spell: Apportation
  4413 | D:3      | Noticed Grinder
  4414 | D:3      | Paralysed by Grinder for 4 turns
  5467 | D:3      | Paralysed by Grinder for 2 turns
  5477 | D:3      | Paralysed by Grinder for 5 turns
  5485 | D:3      | Killed Grinder
  5485 | D:3      | Reached skill level 5 in Maces & Flails
  5485 | D:3      | Gained mutation: You have a pair of horns on your head. [demonic ancestry]
  5485 | D:3      | Reached XP level 6. HP: 27/49 MP: 6/6
  5891 | D:4      | Reached XP level 7. HP: 46/55 MP: 7/7
  5933 | D:4      | Reached skill level 5 in Fighting
  6348 | D:4      | Got a polished buckler
  6354 | D:4      | Identified the +0 buckler of Charity {+Fly SInv} (You found it on level 4 of the Dungeon)
  6648 | D:4      | Reached skill level 6 in Maces & Flails
  7181 | D:4      | Reached skill level 1 in Shields
  7225 | D:4      | Gained mutation: You sometimes gain power by taking damage. [demonic ancestry]
  7225 | D:4      | Reached XP level 8. HP: 54/63 MP: 8/8
  7500 | D:5      | Entered Level 5 of the Dungeon
  8139 | D:5      | Reached skill level 7 in Maces & Flails
  8717 | D:6      | Found Fiopn's Assorted Antiques.
  8750 | D:6      | Bought a large jade ring for 140 gold pieces
  8800 | D:6      | Got a crude mace {freeze}
  8878 | D:6      | Identified the +0 mace of Defiance {freeze, Fragile rElec rN++ MR+} (You took it off a crimson imp on level 6 of the Dungeon)
  9012 | D:6      | Found a sand-covered staircase.
  9020 | Ossuary  | Entered an ossuary
  9099 | Ossuary  | Noticed a flying skull
  9132 | Ossuary  | Noticed a flying skull
  9257 | Ossuary  | Noticed a flying skull
  9275 | Ossuary  | Noticed a flying skull
  9305 | Ossuary  | Slain by a wraith

Vault maps used:
D:1:      roderic_crossed_star, lemuel_flame_loot_1
D:2:      first_bread
D:3:      uniq_grinder
D:5:      goddamned_bats
D:6:      chequers_ossuary_entry_cave, serial_curves, eino_curves_04,
          eino_curves_02, serial_shops,
          nicolae_shop_temple_entry_statues_fountains, minmay_misc_feat_alley
Ossuary:  ossuary_due_cavern

Skill      XL: |  1  2  3  4  5  6  7  8 |
---------------+-------------------------+-----
Maces & Flails | 3 4 5 6 7 |  7.7
Armour         | 1 2 3 4 |  4.7
Fighting       | 4 5 6 |  6.2
Shields        | 1 3 |  3.1
Dodging        | |  2.6
Stealth        | |  1.7

Action                   |  1- 3 |  4- 6 |  7- 9 || total
-------------------------+-------+-------+-------++-------
Melee: Mace              |    65 |    53 |    99 ||   217
       Whip              |   110 |   140 |       ||   250
       Headbutt          |     9 |    41 |    57 ||   107
       Unarmed           |       |     6 |       ||     6
       Morningstar       |       |       |   213 ||   213
Evoke: Wand              |       |       |     4 ||     4
  Use: Scroll            |     5 |     5 |     2 ||    12
       Potion            |     2 |       |       ||     2
 Stab: Sleeping          |     7 |     2 |     4 ||    13
       Distracted        |     1 |       |     1 ||     2
  Eat: Chunk             |     5 |     6 |     7 ||    18
       Bread ration      |     1 |       |     1 ||     2
Armor: Robe              |    27 |    21 |       ||    48
       Skin              |    10 |     1 |       ||    11
       Ring mail         |       |    30 |   143 ||   173
Dodge: Dodged            |   141 |   120 |   218 ||   479
Block: Buckler           |       |       |    69 ||    69
